 Dungeon Crawl Stone Soup version 0.31-a0-1308-ga3cce3a448 (webtiles) character file.

Game seed: 5877070651455112001

60 jasper the Grave Robber (level 3, 0/29 HPs)
             Began as a Demonspawn Necromancer on Dec 19, 2023.
             Slain by a gnoll
             ... wielding a +0 spear
              (4 damage)
             ... on level 2 of the Dungeon.
             The game lasted 00:02:08 (1412 turns).

jasper the Grave Robber (Demonspawn Necromancer)    Turns: 1412, Time: 00:02:09

Health: 0/29       AC: 12    Str:  8    XL:     3   Next: 80%
Magic:  1/6        EV:  5    Int: 17    God:
Gold:   28         SH:  0    Dex: 13    Spells: 0/6 levels left

rFire   . . .        f - +0 spear
rCold   . . .        (no shield)
rNeg    . . .        c - +0 ring mail
rPois   .            (no helmet)
rElec   .            (no cloak)
rCorr   .            e - +0 pair of gloves
SInv    .            (no boots)
Will    .....        (no amulet)
Stlth   +            (no ring)
HPRegen 0.24/turn    (no ring)
MPRegen 0.10/turn

%: no passive effects
@: sanguine armoured, held
A: sanguine armour 1
a: no special abilities


You were on level 2 of the Dungeon.
You visited 1 branch of the dungeon, and saw 2 of its levels.

You collected 28 gold pieces.

Inventory:

Hand Weapons
 d - a +0 dagger
 f - a +0 spear (weapon)
 g - a +0 dagger
 h - a +0 hand axe
Armour
 a - a +0 robe
 c - a +0 ring mail (worn)
 e - a +0 pair of gloves (worn)
Potions
 b - a potion of magic
 i - a potion of might {unknown}


   Skills:
 - Level 3.0 Fighting
 - Level 1.7 Dodging
 - Level 1.7 Stealth
 - Level 2.0 Spellcasting
 + Level 4.9 Necromancy


You couldn't memorise any spells.
You knew the following spells:

 Your Spells              Type           Power      Damage    Failure   Level
a - Necrotise             Necr           72%        1d7       9%          1
b - Cigotuvi's Dreadful   Necr/Pois/Air  14%        N/A       43%         2
c - Vampiric Draining     Necr           18%        2d7       24%         3

Your spell library contained the following spells:

 Spells                   Type           Power      Damage    Failure   Level
 Animate Dead             Necr           18%        N/A       63%         4
 Dispel Undead            Necr           18%        3d11      63%         4
 Agony                    Necr           18%        N/A       92%         5
 Death Channel            Necr           9%         N/A       100%        6


Dungeon Overview and Level Annotations

Branches:
Dungeon (2/15)

Altars:


Innate Abilities, Weirdness & Mutations

When seriously injured, your blood forms armour. (AC +6)


Message History

Aiming: Necrotise (safe; 9% risk of failure)
Press: ? - help, Q - select action Shift-Dir - straight line, f/p - gnoll
Aim: a gnoll, wielding a +0 club (moderately wounded, chance to affect: 81%)
The gnoll writhes in agony.
You now have 0/6 mp.
Reach: f) +0 spear
Press: ? - help, Dir - move target, f/p - gnoll
Aim: a gnoll, wielding a +0 club (severely wounded, about 36% to evade your +0 spear)
You hit the gnoll.
The gnoll is almost dead.
The gnoll misses you.
You aren't carrying any items that you can evoke.
Okay, then.
You hit the gnoll.
You kill the gnoll!
Okay, then.
Casting: Necrotise (safe; 9% risk of failure)
Confirm with . or Enter, or press ? or * to list all spells.
Okay, then.
The gnoll attacks as it pursues you! The gnoll hits you but does no damage.
The gnoll hits you with a +0 flail.
You take 1 damage, and have 24/29 hp.
The gnoll attacks as it pursues you! The gnoll hits you with a +0 flail!
Your blood congeals into armour.
You take 9 damage, and have 16/29 hp.
MASSIVE DAMAGE!!
The gnoll throws a throwing net.
The throwing net hits you.
You become entangled in the net!
You see here a throwing net.
You struggle against the net.
You struggle against the net.
The gnoll hits you but does no damage.
You struggle against the net.
The gnoll hits you with a +0 flail.
You take 4 damage, and have 13/29 hp.
You struggle against the net.
The gnoll hits you but does no damage.
The gnoll hits you from afar with a +0 spear.
The gnoll hits you but does no damage.
You take 2 damage, and have 11/29 hp.
You struggle against the net.
The gnoll hits you with a +0 flail!
* * * LOW HITPOINT WARNING * * *
The gnoll hits you from afar with a +0 spear.
You die...

###. #.$# ..(# ### #....
#..####...... ..#
#.....##.......# #.# #.#
.......†.?.###.# #.# #.#
#.....##.....#.# #.# #.#
......)......#.# #.###.#
###..#####>#.#.###.....####.#
# #.#.#.##....<......#
#...gg@..####.######
###.#g##...##.# #.#.##.#.##.#
...#####.#### .#.## P #.#.#
.# . ... . ##...# .. #.#


You could see 3 gnolls.

Vanquished Creatures
  A gnoll (D:2)
  2 adders (D:2)
  A dart slug (D:2)
  2 bats (D:1)
  2 endoplasms
  A giant cockroach (D:1)
  3 goblins
  A hobgoblin (D:1)
  3 kobolds (D:1)
  2 quokkas (D:1)
  3 ball pythons (D:1)
  A frilled lizard (D:1)
  5 rats (D:1)
27 creatures vanquished.

Vanquished Creatures (collateral kills)
  2 goblins
  A frilled lizard (D:1)
3 creatures vanquished.

Grand Total: 30 creatures vanquished

Notes
Turn   | Place    | Note
-------+----------+-------------------------------------------
     0 | D:1      | jasper the Demonspawn Necromancer began the quest for the
                  | Orb.
     0 | D:1      | Reached XP level 1. HP: 13/13 MP: 3/3
    23 | D:1      | Reached skill level 1 in Fighting
   132 | D:1      | Gained mutation: When seriously injured, your blood forms
                  | armour. (AC +6) [demonic ancestry]
   132 | D:1      | Reached XP level 2. HP: 17/22 MP: 0/5
   565 | D:1      | Learned a level 2 spell: Cigotuvi's Dreadful Rot
  1289 | D:2      | Reached XP level 3. HP: 20/28 MP: 0/6
  1293 | D:2      | Learned a level 3 spell: Vampiric Draining
  1412 | D:2      | Slain by a gnoll

Illustrated notes

Levels and vault maps discovered:
D:1:      saegor_arrival_simple_a, layout_basic, serial_bayou_lake_a
D:2:      cheibrodos_pilgrimage, layout_loops_ring, chequers_jeans,
          lexackson_kobold_supper, uniq_jessica

Skill      XL: |  1  2  3 |
---------------+----------+-----
Fighting       | 1 2 3 |  3.0
Dodging        | |  1.7
Stealth        | |  1.7
Spellcasting   | |  2.0
Necromancy     | |  4.9

Action                     || total
---------------------------++-------
  Melee: Spear             ||    32
         Unarmed           ||     2
   Cast: Necrotise         ||    42
    Use: Scroll            ||     1
   Stab: Sleeping          ||     1
         Distracted        ||     1
 Armour: Ring mail         ||    47
  Dodge: Dodged            ||    24

Table legend: (Time is in decaauts)
 A = Elapsed time spent in this place.
 B = Non-inter-level travel time spent in this place.
 C = Inter-level travel time spent in this place.
 D = Time resting spent in this place.
 E = Time spent auto-exploring this place.
 F = Levels seen in this place.
 G = Mean time per level.
                   A        B        C        D        E       F      G
               +--------+--------+--------+--------+--------+-----+--------+
         Total |   1443 |   1435 |      8 |      0 |   1202 |   2 |  721.5 |
       Dungeon |   1443 |   1435 |      8 |      0 |   1202 |   2 |  721.5 |
               +--------+--------+--------+--------+--------+-----+--------+

Top non-repeatable levels by time:
     D:1: 1309 daAuts
     D:2: 134 daAuts
